 Dungeon Crawl Stone Soup version 0.29-a0-823-gc37b1572da (webtiles) character file.

Game seed: 1038737812351007719

163 RevDB the Magician (level 5, 0/37 HPs)
             Began as a Djinni Hedge Wizard on July 8, 2022.
             Slain by an ufetubus (4 damage)
             ... on level 4 of the Dungeon.
             The game lasted 00:22:17 (2864 turns).

RevDB the Magician (Djinni Hedge Wizard)            Turns: 2864, Time: 00:22:17

Health: 0/37       AC:  4    Str:  9    XL:     5   Next: 72%
Gold:   163        EV: 16    Int: 18    God:
                   SH:  0    Dex: 12

rFire   + + .      SeeInvis .   l - +2 dagger (venom)
rCold   x . .      Faith    .   (no shield)
rNeg    . . .      Spirit   .   e - +0 leather armour
rPois   ∞          Reflect  .   h - +0 hat
rElec   .          Harm     .   (no cloak)
rCorr   .          Rampage  .   k - +0 pair of gloves
Will    .....                   (boots unavailable)
Stlth   ++........              (no amulet)
HPRegen 0.12/turn               o - +4 ring of evasion
MPRegen 0.00/turn               (no ring)

@: flying
A: sickness immunity, fire resistance 2, cold vulnerability 1, float, innate
caster, HP casting, extra vitality 1
a: no special abilities


You were on level 4 of the Dungeon.
You visited 1 branch of the dungeon, and saw 4 of its levels.

You collected 163 gold pieces.

Inventory:

Hand Weapons
 a - a +0 dagger
 l - a +2 dagger of venom (weapon)
Missiles
 m - 2 throwing nets
Armour
 b - a +0 robe
 c - a +0 hat
 e - a +0 leather armour (worn)
 h - a +0 hat (worn)
 k - a +0 pair of gloves (worn)
Magical Staves
 f - a staff of earth
Jewellery
 o - a +4 ring of evasion (left hand)
Wands
 s - a wand of polymorph (6)
Scrolls
 g - 2 scrolls of amnesia
 i - a scroll of teleportation {unknown}
 j - a scroll of enchant weapon {unknown}
 n - 2 scrolls of identify {unknown}
 p - a scroll of summoning {unknown}
 r - a scroll of vulnerability {unknown}
 u - a scroll of enchant armour {unknown}
Potions
 d - 2 potions of curing
 q - a potion of mutation {unknown}
 t - 2 potions of flight {unknown}


   Skills:
 - Level 1.0 Fighting
 - Level 3.0 Armour
 - Level 3.0 Dodging
 - Level 2.0 Stealth
 + Level 3.3 Spellcasting


You couldn't memorise any spells.
You knew the following spells:

 Your Spells              Type           Power      Damage    Failure   Level
a - Magic Dart            Conj           56%        1d5       5%          1
b - Blink                 Tloc           28%        N/A       9%          2
c - Call Imp              Summ           14%        N/A       9%          2
d - Slow                  Hex            56%        N/A       5%          1
e - Conjure Flame         Conj/Fire      14%        6-21      17%         3
f - Mephitic Cloud        Conj/Pois/Air  14%        N/A       17%         3
g - Beastly Appendage     Tmut           28%        N/A       5%          1
h - Scorch                Fire           28%        2d6       9%          2
Your spell library was empty.

Dungeon Overview and Level Annotations

Branches:
Dungeon (4/15)
 Temple: D:4-7

Altars:
Hepliaklqana


Innate Abilities, Weirdness & Mutations

You are immune to sickness and miasma.
You are immune to poison.
Your flesh is very heat resistant. (rF++)
You are vulnerable to cold. (rC-)
You float through the air rather than walking.
You learn spells naturally, not from books.
Your magical power is your life essence.
You have superior vitality. (+4 MHP)


Message History

* * * LOW HITPOINT WARNING * * *
The orc wizard is no longer more vulnerable to fire.
The orc wizard gestures wildly while chanting.
The orc wizard flickers and vanishes!
Deactivating autopickup; reactivate with Ctrl-A.
Your white imp hits the orc but does no damage.
You feel stable enough to blink again.
A frilled lizard comes into view.
A magic dart appears from out of thin air!
The magic dart hits you.
* * * LOW HITPOINT WARNING * * *
There is a stone staircase leading down here.
The slug dart hits your white imp.
The frilled lizard unfolds its giant frill.
You fly downwards.
Reactivating autopickup.
There is a stone staircase leading up here.
Casting: Blink (safe; 9% risk of failure)
Confirm with . or Enter, or press ? or * to list all spells.
The spell is quite dangerous to miscast (17% risk of failure)!
Continue anyway?
The fire begins to smoulder!
* * * LOW HITPOINT WARNING * * *
The fire ignites!
Casting: Conjure Flame (quite dangerous; 17% risk of failure)
Confirm with . or Enter, or press ? or * to list all spells.
Okay, then.
A white imp comes into view.
The white imp shouts, "Quit, thou wayward rump-fed flax-wench!"
The white imp gestures at you. The puff of frost misses you.
Found a scroll labelled FEDUSIO RAXT.
An ufetubus comes into view.
Found a stone staircase leading down.
The ufetubus shouts!
The ufetubus barely misses you. The ufetubus closely misses you.
The ufetubus hits you but does no damage.
The ufetubus misses you. The ufetubus closely misses you.
The ufetubus misses you. The ufetubus hits you.
You die...

#?. .# #..####.# #.
..##.###### #.
#.##......#
####.##.#.......##
#..........##.....
###.###.#.........##
.....#s###s5>......
#.#.#.# #.@..#..# #
#.....# #.......#
....##.### #......##
##...#.######...###
#.5....# #...#
#....#.##.###....
#.#.##...s.......# #
#. #...........# #
#...........


You could see a scorpion and an ufetubus.

Vanquished Creatures
  An orc priest (D:3)
  3 adders (D:2)
  3 gnolls (D:2)
  A worm (D:2)
  7 ball pythons
  4 endoplasms
  3 giant cockroaches
  3 goblins
  3 hobgoblins
  A quokka (D:1)
  8 bats
  3 frilled lizards
  2 kobolds (D:1)
  5 rats
47 creatures vanquished.

Vanquished Creatures (collateral kills)
  Terence (D:2)
  A dart slug (D:2)
  An endoplasm (D:2)
  A giant cockroach (D:2)
  A kobold (D:2)
  A rat (D:2)
6 creatures vanquished.

Grand Total: 53 creatures vanquished

Notes
Turn   | Place    | Note
-------+----------+-------------------------------------------
     0 | D:1      | RevDB the Djinni Hedge Wizard began the quest for the Orb.
     0 | D:1      | RevDB set off with the following spells memorised: Magic
                  | Dart, Blink, Call Imp, Slow, Conjure Flame, Mephitic Cloud.
     0 | D:1      | Reached XP level 1. HP: 15/15 MP: 0/0
   286 | D:1      | Found a faded altar of an unknown god.
   296 | D:1      | Reached XP level 2. HP: 17/21 MP: 0/0
   940 | D:1      | Reached XP level 3. HP: 21/25 MP: 0/0
   940 | D:1      | Learned a level 1 spell: Beastly Appendage
  1438 | D:2      | Noticed Terence
  2167 | D:2      | Reached skill level 1 in Fighting
  2167 | D:2      | Reached XP level 4. HP: 28/32 MP: 0/0
  2170 | D:2      | Reached skill level 1 in Armour
  2229 | D:2      | Killed Terence
  2253 | D:2      | Reached XP level 5. HP: 19/37 MP: 0/0
  2253 | D:2      | Learned a level 2 spell: Scorch
  2704 | D:3      | Found a hazy altar of Hepliaklqana.
  2864 | D:4      | Slain by an ufetubus

Illustrated notes

Levels and vault maps discovered:
D:1:      lightli_arrival_noodles, layout_loops_ring,
          nicolae_ecumenical_snake_handling, minmay_split_cup_small
D:2:      layout_rooms, uniq_terence
D:3:      layout_loops_cross, mainiacjoe_overflow_cross_hatched,
          ebering_ghost_gozag, wad_orctagon
D:4:      gammafunk_wand_slinger, layout_loops_cross,
          mainiacjoe_overflow_catwalk, mainiacjoe_overflow_small_starburst,
          uniq_blork_the_orc, uniq_menkaure

Skill      XL: |  1  2  3  4  5 |
---------------+----------------+-----
Stealth        | 2 |  2.0
Dodging        | 3 |  3.0
Spellcasting   | 3 |  3.3
Fighting       | 1 |  1.0
Armour         | 2 3 |  3.0

Action                   |  1- 3 |  4- 6 || total
-------------------------+-------+-------++-------
Melee: Dagger            |    30 |    15 ||    45
       Headbutt          |     2 |       ||     2
       Punch             |     1 |       ||     1
 Cast: Magic Dart        |    53 |    23 ||    76
       Slow              |     2 |     2 ||     4
       Call Imp          |     7 |     4 ||    11
       Beastly Appendage |     3 |       ||     3
       Blink             |     1 |     1 ||     2
       Conjure Flame     |       |     2 ||     2
       Scorch            |       |     3 ||     3
  Use: Scroll            |       |     1 ||     1
 Stab: Sleeping          |     3 |     1 ||     4
Armor: Robe              |    14 |       ||    14
       Skin              |       |     5 ||     5
       Leather armour    |       |     8 ||     8
Dodge: Dodged            |    22 |    19 ||    41

Table legend: (Time is in decaauts)
 A = Elapsed time spent in this place.
 B = Non-inter-level travel time spent in this place.
 C = Inter-level travel time spent in this place.
 D = Time resting spent in this place.
 E = Time spent auto-exploring this place.
 F = Levels seen in this place.
 G = Mean time per level.
                   A        B        C        D        E       F      G
               +--------+--------+--------+--------+--------+-----+--------+
         Total |   2862 |   2793 |     69 |   1301 |    515 |   4 |  715.5 |
       Dungeon |   2862 |   2793 |     69 |   1301 |    515 |   4 |  715.5 |
               +--------+--------+--------+--------+--------+-----+--------+

Top non-repeatable levels by time:
     D:1: 1430 daAuts
     D:2: 1217 daAuts
     D:3: 192 daAuts
     D:4: 21 daAuts
